 Dungeon Crawl Stone Soup version 0.22-a0-396-g3f858e3 (webtiles) character file.

81 VajrapaniSR the Chucker (level 4, -2/30 HPs)
             Began as an Octopode Hunter on May 3, 2018.
             Slain by an ogre
             ... wielding a +0 giant spiked club
              (21 damage)
             ... on level 4 of the Dungeon.
             The game lasted 00:02:57 (372 turns).

VajrapaniSR the Chucker (Octopode Hunter)            Turns: 372, Time: 00:03:04

Health: -2/30      AC:  1    Str: 11    XL:     4   Next: 42%
Magic:  4/4        EV: 14    Int: 13    God:
Gold:   50         SH:  0    Dex: 13    Spells: 3/3 levels left

rFire    . . .     SeeInvis .     - Unarmed
rCold    . . .     Gourm    .   (no shield)
rNeg     . . .     Faith    .   (helmet restricted)
rPois    .         Spirit   .   (no amulet)
rElec    .         Reflect  .   g - ring of flight
rCorr    .         Harm     .   (no ring)
MR       .....                  (no ring)
Stlth    +++.......             (no ring)
HPRegen  0.10/turn              (no ring)
MPRegen  0.09/turn              (no ring)
                                (no ring)
                                (no ring)

@: no status effects
A: almost no armour, stealthy swim, amphibious, 8 rings, constrict 8, camouflage
1, gelatinous body 1
a: Evoke Flight


You were on level 4 of the Dungeon.
You were not hungry.

You visited 1 branch of the dungeon, and saw 4 of its levels.

You collected 50 gold pieces.

Inventory:

Missiles
 a - 69 stones (quivered)
 b - 6 javelins
Jewellery
 g - a ring of flight (left tentacle)
Scrolls
 e - 2 scrolls of immolation {unknown}
 h - 2 scrolls of blinking {unknown}
 j - a scroll of identify {unknown}
Potions
 i - a potion of degeneration {unknown}
Comestibles
 d - a ration
 f - 4 chunks of flesh


   Skills:
 + Level 2.6 Fighting
 - Level 4.0 Throwing
 + Level 2.6 Dodging
 + Level 2.9 Stealth
 * Level 2.3 Unarmed Combat


You had 3 spell levels left.
You didn't know any spells.

Dungeon Overview and Level Annotations

Branches:
Dungeon (4/15)
 Temple: D:4-7

Altars:


Innate Abilities, Weirdness & Mutations

You cannot wear most types of armour.
You are very stealthy in the water. (Stealth+)
You are amphibious.
You can wear up to eight rings at the same time.
You can use your tentacles to constrict eight enemies at once.
Your skin changes colour to match your surroundings (Stealth+).
Your rubbery body absorbs attacks. (AC +1, EV +1)


Message History

Found 14 gold pieces.
An ogre comes into view. It is wielding a giant spiked club.
The frilled lizard hisses angrily.
The worker ant twitches its antennae in your direction.
The frilled lizard closely misses you.
You closely miss the frilled lizard. Your grab misses the frilled lizard.
You completely miss the frilled lizard. Your grab misses the frilled lizard.
You kill the frilled lizard!
The ogre hits you with a giant spiked club!
The worker ant closely misses you.
Throwing (i - inventory. (/) - cycle)
c - a throwing net (quivered)
Press: ? - help, Shift-Dir - straight line, f - ogre
Aim: an ogre, wielding a giant spiked club You throw a throwing net.
The throwing net barely misses the ogre.
The throwing net hits the worker ant.
The worker ant is caught in the net!
The worker ant struggles against the net.
The ogre hits you with a giant spiked club!!
Ouch! That really hurt!
You die...

#.######
....$.#
#.....# #
.?...
#..####..#
#### #......#
##... #..##.a#
#..# ##O# ##.#
##@###..#
##.##......##
#......##.##
....###.##.###
.## #.##.<.#
#.####.[..#
... .#### ..#
.# .## ..


You could see an ogre and a worker ant (caught).

Vanquished Creatures
  An orc priest (D:3)
  Terence (D:2)
  An adder (D:3)
  A dart slug (D:2)
  A leopard gecko (D:2)
  2 orcs (D:3)
  A bat (D:1)
  2 giant cockroaches (D:2)
  A goblin (D:3)
  2 hobgoblins (D:1)
  2 frilled lizards
  A kobold (D:1)
  3 rats
19 creatures vanquished.

Notes
Turn   | Place    | Note
-------+----------+-------------------------------------------
     0 | D:1      | VajrapaniSR the Octopode Hunter began the quest for the Orb.
     0 | D:1      | Reached XP level 1. HP: 14/14 MP: 1/1
    13 | D:1      | You fall through a shaft!
    67 | D:2      | Noticed Terence
    94 | D:2      | Killed Terence
    94 | D:2      | Reached skill level 1 in Unarmed Combat
    94 | D:2      | Reached XP level 2. HP: 19/19 MP: 2/2
   115 | D:2      | Reached XP level 3. HP: 24/24 MP: 3/3
   289 | D:3      | Reached XP level 4. HP: 28/30 MP: 4/4
   364 | D:4      | Noticed an ogre
   372 | D:4      | Slain by an ogre

Vault maps used:
D:1:      matt_arrival_los_fun
D:2:      glass_columns_b, uniq_natasha, uniq_terence
D:3:      grunt_ministairs_4
D:4:      minmay_temple_entry_fiery, first_ration

Skill      XL: |  1  2  3 |
---------------+----------+-----
Stealth        | 2 |  2.9
Unarmed Combat | 1 2 |  2.3
Fighting       | |  2.6
Throwing       | |  4.0
Dodging        | |  2.6

Action                   |  1- 3 |  4- 6 || total
-------------------------+-------+-------++-------
Melee: Unarmed           |    34 |     7 ||    41
       Tentacles         |    11 |     2 ||    13
       Constrict         |    12 |     3 ||    15
Throw: Throwing net      |     1 |     1 ||     2
       Javelin           |     2 |       ||     2
       Stone             |       |     1 ||     1
 Stab: Sleeping          |     2 |       ||     2
Armor: Skin              |     3 |       ||     3
Dodge: Dodged            |    29 |     6 ||    35

Table legend:
 A = Spawn XP
 B = Non-spawn XP
 C = Spawn XP percentage of total XP
 D = Spawn monster count
 E = Non-spawn monster count
 F = Spawn count percentage of total count
 G = Total turns spent on level
                    A         B        C        D         E        F      G
               +---------+---------+-------+---------+---------+-------+---------
         Total |       0 |     117 |   0.0 |       0 |      19 |   0.0 |   372
               +---------+---------+-------+---------+---------+-------+---------
           D:1 |       0 |       8 |   0.0 |       0 |       5 |   0.0 |    43
           D:2 |       0 |      44 |   0.0 |       0 |       8 |   0.0 |   209
           D:3 |       0 |      64 |   0.0 |       0 |       5 |   0.0 |    97
           D:4 |       0 |       1 |   0.0 |       0 |       1 |   0.0 |    23
               +---------+---------+-------+---------+---------+-------+---------
